[Event "ICC Open 2015"]
[Site "Internet Chess Club"]
[Date "2015.05.30"]
[Round "7"]
[White "isodung"]
[Black "Dlugy"]
[Result "1-0"]
[ICCResult "Black resigns"]
[WhiteElo "2836"]
[BlackElo "2965"]
[Opening "Scandinavian: Pytel-Wade variation"]
[ECO "B01"]
[NIC "SD.02"]
[Time "20:04:12"]
[TimeControl "180+0"]

1. e4 d5 2. exd5 Qxd5 3. Nc3 Qd6 4. Nf3 c6 5. d4 Bg4 6. Be3 e6 7. h3 Bh5 8.
Be2 Nd7 9. Qd2 Ngf6 10. O-O-O Qc7 11. g4 Bg6 12. Kb1 Bb4 13. Bd3 Ne4 14. Qe1
Qa5 15. Bd2 Nxd2+ 16. Qxd2 Nb6 17. Ne5 Bxc3 18. Qxc3 Qxc3 19. bxc3 Na4 20.
Bxg6 Nxc3+ 21. Ka1 hxg6 22. Rd3 Ne4 23. Re1 Nd6 24. c4 g5 25. d5 cxd5 26.
cxd5 O-O-O 27. dxe6 fxe6 28. Rc1+ Kb8 29. Rcd1 Kc7 30. Rc3+ Kb8 31. Rb3 a6
32. Nc6+ Kc7 33. Nxd8 Rxd8 34. Rc3+ Kd7 35. Rc5 Rf8 36. Rxg5 Rxf2 37. Rxg7+
Kc6 38. Rg6 Re2 39. h4 Nb5 40. Rc1+ Kd5 41. h5 Kd4 42. Rg8 Rh2 43. g5 Rxh5
44. g6 Rg5 45. g7 Ke5 46. Rc5+ {Black resigns} 1-0

[Event "ICC Open 2015"]
[Site "Internet Chess Club"]
[Date "2015.05.30"]
[Round "7"]
[White "PajoPatak"]
[Black "FytinFrank"]
[Result "0-1"]
[ICCResult "White resigns"]
[WhiteElo "1645"]
[BlackElo "2052"]
[Opening "Caro-Kann: Gurgenidze system"]
[ECO "B12"]
[NIC "CK.01"]
[Time "20:04:49"]
[TimeControl "180+0"]

1. e4 c6 2. d4 g6 3. Nc3 d5 4. Nf3 Bg4 5. exd5 cxd5 6. Bb5+ Nc6 7. O-O e6 8.
h3 Bxf3 9. Qxf3 Bg7 10. Be3 Ne7 11. Rad1 O-O 12. Ne2 Nf5 13. Bf4 Ncxd4 14.
Nxd4 Nxd4 15. Qd3 Qb6 16. Be3 Qxb5 17. Bxd4 Qxd3 18. Rxd3 Bxd4 19. Rxd4 Rac8
20. c3 b5 21. f4 Rc4 22. Rfd1 Rfc8 23. a3 a5 24. Kf2 b4 25. axb4 axb4 26.
cxb4 Rxd4 27. Rxd4 Rc2+ 28. Kf3 Rxb2 29. g4 f6 30. f5 gxf5 31. gxf5 Rb3+ 32.
Kg4 e5 33. Rxd5 Rxb4+ 34. Kh5 Rf4 35. Rd8+ Kg7 36. Rd7+ Kf8 37. Rxh7 Rxf5+
38. Kg6 Rf3 39. h4 e4 40. Ra7 e3 41. Ra1 f5 42. h5 f4 43. Kg5 Rf2 44. Kg4 e2
45. Re1 f3 46. h6 Rf1 47. h7 Kg7 {White resigns} 0-1

[Event "ICC Open 2015"]
[Site "Internet Chess Club"]
[Date "2015.05.30"]
[Round "7"]
[White "CapitalG"]
[Black "faust"]
[Result "0-1"]
[ICCResult "White resigns"]
[WhiteElo "2713"]
[BlackElo "3177"]
[Opening "Sicilian: Najdorf, 7.f4"]
[ECO "B96"]
[NIC "SI.04"]
[Time "20:04:50"]
[TimeControl "180+0"]

1. e4 c5 2. Nf3 d6 3. d4 cxd4 4. Nxd4 Nf6 5. Nc3 a6 6. Bg5 e6 7. f4 h6 8.
Bh4 Qb6 9. Qd2 Qxb2 10. Rb1 Qa3 11. e5 dxe5 12. fxe5 g5 13. exf6 gxh4 14.
Be2 Nd7 15. O-O Qa5 16. Kh1 h5 17. Bf3 Bh6 18. Qe1 Qe5 19. Qxh4 Bg5 20. Qe4
Bxf6 21. Rfd1 Qxe4 22. Nxe4 Be5 23. Nb3 Ra7 24. c4 Ke7 25. c5 h4 26. Nd6
Nxc5 27. Nxc5 Bxd6 28. Nxb7 Be5 29. Na5 Bd7 30. Bb7 Bc3 31. Nc6+ Bxc6 32.
Bxc6 a5 33. a4 Bb4 34. Rb3 f5 35. Rbd3 Kf6 36. Kg1 Rc7 37. Bb5 Rc2 38. Rh3
Rg8 39. Bf1 Rg4 40. Rf3 Bc5+ 41. Kh1 Rxa4 {White resigns} 0-1

[Event "ICC Open 2015"]
[Site "Internet Chess Club"]
[Date "2015.05.30"]
[Round "7"]
[White "fviana"]
[Black "VerdeNotte"]
[Result "0-1"]
[ICCResult "White resigns"]
[WhiteElo "2354"]
[BlackElo "2843"]
[Opening "Caro-Kann: Tartakower (Nimzovich) variation"]
[ECO "B15"]
[NIC "CK.06"]
[Time "20:04:08"]
[TimeControl "180+0"]

1. e4 c6 2. d4 d5 3. Nc3 dxe4 4. Nxe4 Nf6 5. Nxf6+ exf6 6. Nf3 Bd6 7. g3 O-O
8. Bg2 Re8+ 9. Be3 f5 10. O-O f4 11. Bc1 Qf6 12. c3 Bg4 13. Qd3 Nd7 14. Bd2
Bf5 15. Qc4 Be4 16. Rfe1 Nb6 17. Qf1 Bd5 18. b3 Nd7 19. Rxe8+ Rxe8 20. Re1
Rxe1 21. Bxe1 b5 22. Qd3 Nb6 23. Bd2 g6 24. Ne1 a5 25. Bxd5 Nxd5 26. c4 Nb4
27. Bxb4 Bxb4 28. Nf3 bxc4 29. bxc4 fxg3 30. hxg3 h5 31. Kg2 Bd6 32. d5 c5
33. Nd2 Qe7 34. Ne4 a4 35. Qf3 Be5 36. Qd3 Bd4 37. f4 h4 38. g4 f5 39. gxf5
gxf5 40. Ng5 Qe1 41. Qxf5 Qf2+ {White resigns} 0-1

[Event "ICC Open 2015"]
[Site "Internet Chess Club"]
[Date "2015.05.30"]
[Round "7"]
[White "Bacunamatata"]
[Black "penguingm1"]
[Result "1-0"]
[ICCResult "Black forfeits on time"]
[WhiteElo "2819"]
[BlackElo "2825"]
[Opening "Catalan: closed, 5.Nf3"]
[ECO "E06"]
[NIC "CA.05"]
[Time "20:04:17"]
[TimeControl "180+0"]

1. d4 d5 2. c4 e6 3. Nf3 Nf6 4. g3 Be7 5. Bg2 O-O 6. O-O dxc4 7. Qa4 a6 8.
Qxc4 b5 9. Qc2 Bb7 10. Bd2 Ra7 11. a3 Be4 12. Qc1 Nc6 13. e3 Qa8 14. Qd1 b4
15. axb4 Nxb4 16. Nc3 Bb7 17. Qe2 a5 18. Rfc1 Rc8 19. Nb5 Ba6 20. Rxa5 c6
21. Ne5 Nfd5 22. Qf3 cxb5 23. Qxf7+ Kh8 24. Qxe6 Rxc1+ 25. Bxc1 Bf6 26. Bd2
Qd8 27. Bxd5 Nxd5 28. Rxa6 {Black forfeits on time} 1-0

[Event "ICC Open 2015"]
[Site "Internet Chess Club"]
[Date "2015.05.30"]
[Round "7"]
[White "Moritex"]
[Black "franco"]
[Result "1-0"]
[ICCResult "Black checkmated"]
[WhiteElo "1777"]
[BlackElo "1276"]
[Opening "Sicilian: Nimzovich-Rossolimo attack (without ...d6)"]
[ECO "B30"]
[NIC "SI.31"]
[Time "20:04:44"]
[TimeControl "180+0"]

1. e4 c5 2. Nf3 Nc6 3. Bb5 d6 4. d4 cxd4 5. Qxd4 Bd7 6. Bxc6 Bxc6 7. c4 Nf6
8. Nc3 e6 9. Bg5 Be7 10. O-O O-O 11. Rfd1 h6 12. Bh4 Nh7 13. Bxe7 Qxe7 14.
Qxd6 Rfe8 15. Qxe7 Rxe7 16. Ne5 Rc8 17. f3 f6 18. Nxc6 Rxc6 19. b3 e5 20.
Nd5 Rf7 21. Rd2 Kf8 22. Rad1 Ke8 23. Ne3 Rc8 24. Nf5 Ng5 25. Nd6+ Kd8 26.
Nxf7+ Kc7 27. Nxg5 hxg5 28. Rd7+ Kc6 29. Rxg7 b5 30. Rxa7 bxc4 31. Rc1 Kb5
32. bxc4+ Kb4 33. Rb7+ Ka3 34. c5 Kxa2 35. c6 Ka3 36. c7 Ka4 37. Ra1#
{Black checkmated}
1-0

[Event "ICC Open 2015"]
[Site "Internet Chess Club"]
[Date "2015.05.30"]
[Round "7"]
[White "kurumania"]
[Black "gmgattass"]
[Result "1-0"]
[ICCResult "Black checkmated"]
[WhiteElo "2855"]
[BlackElo "2274"]
[Opening "King's Indian: Sämisch variation"]
[ECO "E80"]
[NIC "KI.54"]
[Time "20:04:57"]
[TimeControl "180+0"]

1. d4 Nf6 2. c4 g6 3. Nc3 d6 4. e4 Bg7 5. f3 e5 6. Nge2 Nc6 7. Be3 O-O 8. d5
Ne7 9. g4 Ne8 10. Qd2 f5 11. g5 f4 12. Bf2 a5 13. h4 b6 14. Bh3 Bxh3 15.
Rxh3 Qd7 16. Rh1 Rf7 17. O-O-O Kf8 18. h5 Ng8 19. h6 Bh8 20. Nb5 Qd8 21. Bh4
a4 22. Nec3 Qc8 23. Qc2 Qa6 24. Kd2 Ke7 25. Ke2 Kd7 26. Kf2 Ne7 27. Kg2 Nc8
28. Rb1 Ne7 29. Rhc1 Nc8 30. Na3 Ne7 31. Ncb5 Qa5 32. b4 axb3 33. axb3 Qa6
34. b4 Qa4 35. c5 Qxc2+ 36. Rxc2 bxc5 37. bxc5 dxc5 38. Rxc5 Nc8 39. Rbc1
Ncd6 40. Be1 Ra4 41. Nc4 Nxb5 42. Rxb5 Ra2+ 43. Kg1 Re2 44. Rb7 Kc8 45. Ra7
Kb8 46. Rca1 Kc8 47. Kf1 Rh2 48. Ra8+ Kd7 49. R1a7 Rh1+ 50. Ke2 Rh5 51. Nb6+
Ke7 52. Bb4+ Nd6 53. Rxc7# {Black checkmated} 1-0

[Event "ICC Open 2015"]
[Site "Internet Chess Club"]
[Date "2015.05.30"]
[Round "7"]
[White "eltigrecu"]
[Black "nadalthegreat"]
[Result "1/2-1/2"]
[ICCResult "Game drawn by repetition"]
[WhiteElo "2009"]
[BlackElo "1865"]
[Opening "Trompowsky attack (Ruth, Opocenský opening)"]
[ECO "A45"]
[NIC "QP.07"]
[Time "20:04:28"]
[TimeControl "180+0"]

1. d4 Nf6 2. Bg5 g6 3. Nd2 Bg7 4. Ngf3 O-O 5. e3 d6 6. Bd3 c5 7. c3 Nc6 8.
Qc2 cxd4 9. exd4 Bg4 10. h3 Bxf3 11. gxf3 Rc8 12. Qb3 Re8 13. h4 Qc7 14.
O-O-O a5 15. Bxf6 Bxf6 16. h5 Nxd4 17. Qd5 e6 18. Qe4 d5 19. Qg4 Nf5 20.
hxg6 fxg6 21. Nb1 Qb6 22. Rdg1 Qxf2 23. Rxh7 g5 24. Bxf5 exf5 25. Qxf5 Qxg1+
26. Kc2 Re2+ 27. Nd2 Rxd2+ 28. Kxd2 Qf2+ 29. Kd3 Qf1+ 30. Kc2 Qe2+ 31. Kb3
Qc4+ 32. Kc2 Qe2+ 33. Kc1 Qe1+ 34. Kc2 Qe2+ {Game drawn by repetition}
1/2-1/2

[Event "ICC Open 2015"]
[Site "Internet Chess Club"]
[Date "2015.05.30"]
[Round "7"]
[White "blackdaysrook"]
[Black "blackmiura"]
[Result "0-1"]
[ICCResult "White checkmated"]
[WhiteElo "1681"]
[BlackElo "1905"]
[Opening "Sicilian"]
[ECO "B50"]
[NIC "SI.01"]
[Time "20:05:04"]
[TimeControl "180+0"]

1. e4 c5 2. Nf3 d6 3. c3 Nc6 4. d4 cxd4 5. cxd4 e6 6. Nc3 Nf6 7. Bb5 Bd7 8.
O-O Be7 9. Re1 e5 10. d5 Nb8 11. Qb3 Bxb5 12. Qxb5+ Qd7 13. a4 O-O 14. Qb3
Na6 15. Be3 Rac8 16. h3 Nc5 17. Bxc5 Rxc5 18. a5 Rfc8 19. a6 b6 20. Kh2 Nh5
21. g3 f5 22. exf5 Qxf5 23. Ne4 Rc2 24. g4 Qf4+ 25. Kg2 Rxf2+ 26. Nxf2 Qg3+
27. Kf1 Nf4 28. Re4 Bh4 29. Rxf4 Qxf2# {White checkmated} 0-1

[Event "ICC Open 2015"]
[Site "Internet Chess Club"]
[Date "2015.05.30"]
[Round "7"]
[White "ivancele"]
[Black "nowornever"]
[Result "0-1"]
[ICCResult "White forfeits on time"]
[WhiteElo "1582"]
[BlackElo "1978"]
[Opening "Queen's Indian: Capablanca variation"]
[ECO "E16"]
[NIC "QI.06"]
[Time "20:04:29"]
[TimeControl "180+0"]

1. d4 e6 2. c4 b6 3. Nf3 Bb7 4. g3 Nf6 5. Bg2 Bb4+ 6. Bd2 Qe7 7. a3 Bxd2+ 8.
Nbxd2 O-O 9. O-O d6 10. Qc2 Nbd7 11. e4 e5 12. d5 a5 13. b4 axb4 14. axb4
Ng4 15. h3 Nh6 16. Nh4 g6 17. Kh2 f5 18. exf5 Nxf5 19. Nxf5 Rxf5 20. Be4
Rxa1 21. Bxf5 Rxf1 22. Be6+ Kg7 23. Nxf1 Nf6 24. Ne3 Qf8 25. Qa4 Ne4 26.
Qd7+ Kh8 27. Bf7 Bc8 28. Qxc7 Ng5 29. Be6 Qxf2+ 30. Ng2 Nf3+
{White forfeits on time}
0-1

[Event "ICC Open 2015"]
[Site "Internet Chess Club"]
[Date "2015.05.30"]
[Round "7"]
[White "orak"]
[Black "Cave-Man"]
[Result "0-1"]
[ICCResult "White checkmated"]
[WhiteElo "1608"]
[BlackElo "1840"]
[Opening "English: symmetrical, Botvinnik system"]
[ECO "B20"]
[NIC "EO.30"]
[Time "20:04:28"]
[TimeControl "180+0"]

1. e4 c5 2. c4 Nc6 3. Nc3 g6 4. g3 Bg7 5. Bg2 e6 6. Nge2 Nge7 7. d3 O-O 8.
Be3 b6 9. a3 Bb7 10. Rb1 a5 11. O-O f5 12. f4 d6 13. d4 cxd4 14. Bxd4 Nxd4
15. Nxd4 Qd7 16. Ndb5 Rfd8 17. Qd2 fxe4 18. Nxe4 d5 19. Nec3 dxc4 20. Qe3
Bxg2 21. Kxg2 Nd5 22. Nxd5 Qxd5+ 23. Kg1 Qxb5 24. Qxe6+ Kh8 25. f5 Qc5+ 26.
Kg2 Qd5+ 27. Kh3 Qxe6 28. fxe6 Re8 29. Rbe1 Re7 30. Rf7 Rae8 31. Rxe7 Rxe7
32. Re2 c3 33. b3 Bd4 34. Kg4 Kg7 35. Kf3 Kf6 36. Ke4 Rxe6+ 37. Kd3 Rxe2 38.
Kxe2 Ke5 39. Kd3 Kd5 40. h3 b5 41. g4 b4 42. a4 g5 43. Kc2 Ke4 44. Kd1 Kd3
45. Kc1 Be3+ 46. Kb1 c2+ 47. Kb2 c1=Q+ 48. Ka2 Bd4 49. h4 Qb2#
{White checkmated}
0-1

[Event "ICC Open 2015"]
[Site "Internet Chess Club"]
[Date "2015.05.30"]
[Round "7"]
[White "ncc-1701"]
[Black "jjosu"]
[Result "0-1"]
[ICCResult "White checkmated"]
[WhiteElo "2006"]
[BlackElo "2198"]
[Opening "Nimzo-Indian: three knights variation"]
[ECO "E21"]
[NIC "NI.28"]
[Time "20:04:05"]
[TimeControl "180+0"]

1. d4 e6 2. c4 Nf6 3. Nc3 Bb4 4. Nf3 O-O 5. a3 Bxc3+ 6. bxc3 d5 7. e3 Qe7 8.
cxd5 exd5 9. Bd3 Nbd7 10. O-O c6 11. Rb1 Ne4 12. c4 f5 13. cxd5 cxd5 14. a4
Kh8 15. Qb3 Ndf6 16. Ba3 Nd6 17. Ne5 Rd8 18. Qb4 Qe6 19. Qa5 Qe8 20. Bxd6
Rxd6 21. Qc5 Rd8 22. Bb5 Qg8 23. Qe7 Rf8 24. Rbc1 b6 25. Rc7 Be6 26. Nf3 h6
27. Nh4 Rf7 28. Qd6 Rxc7 29. Qxc7 Ne4 30. Qe5 Qf7 31. Rc1 Kh7 32. Rc7 Qf6
33. Nf3 Rc8 34. Rxc8 Bxc8 35. Qc7 Qf8 36. Ne5 Be6 37. g3 Qb4 38. Qc2 Qe1+
39. Kg2 Qa1 40. Bd7 Bxd7 41. Nxd7 Qe1 42. Ne5 Nd2 43. Nd3 Qf1#
{White checkmated}
0-1

[Event "ICC Open 2015"]
[Site "Internet Chess Club"]
[Date "2015.05.30"]
[Round "7"]
[White "Mastercito"]
[Black "grancaruso"]
[Result "1-0"]
[ICCResult "Black forfeits on time"]
[WhiteElo "2014"]
[BlackElo "1838"]
[Opening "Queen's pawn game"]
[ECO "A46"]
[NIC "QP.05"]
[Time "20:04:22"]
[TimeControl "180+0"]

1. d4 Nf6 2. Nf3 e6 3. Bf4 c5 4. e3 cxd4 5. exd4 Be7 6. c3 d6 7. Nbd2 b6 8.
Bd3 Bb7 9. h4 Nbd7 10. Qe2 Rc8 11. O-O-O a6 12. Kb1 b5 13. Ne4 Nxe4 14. Bxe4
Qc7 15. Rc1 Nf6 16. Bd3 Bd5 17. Rc2 Qa5 18. c4 bxc4 19. Bxc4 Be4 20. Bd3
Rxc2 21. Qxc2 Bxd3 22. Qxd3 Nd5 23. Bd2 Qb5 24. Qxb5+ axb5 25. Rc1 Kd7 26.
Ng5 Bxg5 27. Bxg5 Rc8 28. Bd2 Rxc1+ 29. Kxc1 h5 30. Kc2 g6 31. b4 Kc6 32.
Kb3 Nb6 33. Be3 Kd5 34. Kc3 Ke4 35. Kd2 Nc4+ 36. Ke2 d5 37. f3+ Kf5 38. Bc1
e5 39. dxe5 Kxe5 40. Kd3 Kd6 41. g4 Ne5+ 42. Ke2 hxg4 43. fxg4 Nxg4 44. Bf4+
Ke6 45. Kd3 Nf6 46. Kd4 Nd7 47. a3 f6 48. Bc7 Ne5 49. Kc5 Nf3 50. Bg3 d4 51.
Kxb5 d3 52. Bf4 d2 53. Bxd2 Nxd2 54. Kc6 Nc4 55. a4 f5 56. a5 f4 57. a6 Ne5+
58. Kc7 f3 59. a7 f2 60. a8=Q f1=Q 61. Qa6+ Kf5 62. Qxf1+
{Black forfeits on time}
1-0

[Event "ICC Open 2015"]
[Site "Internet Chess Club"]
[Date "2015.05.30"]
[Round "7"]
[White "ROWLAND"]
[Black "lemanofzorn"]
[Result "1-0"]
[ICCResult "Black checkmated"]
[WhiteElo "1665"]
[BlackElo "1415"]
[Opening "Caro-Kann: Panov-Botvinnik attack"]
[ECO "B13"]
[NIC "CK.03"]
[Time "20:05:08"]
[TimeControl "180+0"]

1. e4 c6 2. d4 d5 3. exd5 cxd5 4. c4 Nf6 5. Nc3 Bg4 6. Nf3 Nc6 7. cxd5 Bxf3
8. gxf3 Nxd5 9. Qb3 e6 10. Qxb7 Qc8 11. Qb5 Rb8 12. Qa4 Rb4 13. Qa6 Rb6 14.
Qd3 Ncb4 15. Qe4 f5 16. Qb1 Nxc3 17. bxc3 Qxc3+ 18. Bd2 Nc2+ 19. Kd1 Rxb1+
20. Rxb1 Qxd4 21. Kxc2 Ba3 22. Rb8+ Kf7 23. Rxh8 Qb2+ 24. Kd1 Qb1+ 25. Ke2
Qb5+ 26. Ke1 Bb4 27. Bxb5 Bxd2+ 28. Kxd2 h6 29. h4 Kg6 30. h5+ Kg5 31. Rg8
Kf6 32. Rg1 e5 33. Rg6+ Kf7 34. R8xg7+ Kf8 35. Rxa7 e4 36. Bc4 e3+ 37. Ke2
exf2 38. Rg8# {Black checkmated} 1-0

[Event "ICC Open 2015"]
[Site "Internet Chess Club"]
[Date "2015.05.30"]
[Round "7"]
[White "Ernani"]
[Black "kava"]
[Result "0-1"]
[ICCResult "White resigns"]
[WhiteElo "2653"]
[BlackElo "2921"]
[Opening "English: Neo-Catalan declined"]
[ECO "E06"]
[NIC "RE.11"]
[Time "20:04:56"]
[TimeControl "180+0"]

1. Nf3 Nf6 2. c4 e6 3. g3 d5 4. Bg2 Be7 5. O-O O-O 6. d4 c6 7. Qc2 b6 8.
Nbd2 Bb7 9. e4 Na6 10. a3 dxc4 11. Nxc4 c5 12. e5 Nd5 13. dxc5 Nxc5 14. b4
Nd7 15. Rd1 Qb8 16. Bb2 Rc8 17. Qb3 a5 18. bxa5 bxa5 19. Nd6 Nc5 20. Qb5 Ba6
21. Qxb8 Rcxb8 22. Bd4 Nb3 23. Rab1 Be2 24. h4 Bxd1 25. Rxd1 Rd8 26. Ne4 Nc7
27. Rd3 Nxd4 28. Nxd4 Rab8 29. Bf1 Kf8 30. Nc6 Rxd3 31. Bxd3 Rb3 32. Bc4
Rxa3 33. Nd6 a4 34. Kg2 {White resigns} 0-1

[Event "ICC Open 2015"]
[Site "Internet Chess Club"]
[Date "2015.05.30"]
[Round "7"]
[White "cap78red"]
[Black "Willy809"]
[Result "0-1"]
[ICCResult "White checkmated"]
[WhiteElo "1447"]
[BlackElo "1706"]
[Opening "QGD semi-Slav: 5.e3"]
[ECO "D45"]
[NIC "SL.08"]
[Time "20:04:54"]
[TimeControl "180+0"]

1. c4 c6 2. Nc3 d5 3. e3 e6 4. d4 Nf6 5. Nf3 Be7 6. Ne5 O-O 7. f4 h6 8. Be2
Nbd7 9. O-O dxc4 10. Bxc4 Qc7 11. f5 Nd5 12. fxe6 fxe6 13. Bxd5 exd5 14.
Rxf8+ Bxf8 15. Ng6 Bd6 16. g3 Nf6 17. Qf3 Bg4 18. Qf2 Qf7 19. Nf4 Rf8 20. h3
Bd7 21. Qh2 Ne4 22. Nxe4 dxe4 23. Bd2 g5 24. Ne2 Qf3 25. Qg2 Be6 26. Qxf3
exf3 27. Nc3 Bxg3 28. Ne4 f2+ 29. Kg2 Bh4 30. Rf1 Bd5 31. Rxf2 Rxf2+ 32. Kg1
Bxe4 33. Be1 Rg2+ 34. Kf1 Bxe1 35. Kxe1 Rxb2 36. Kd1 Rxa2 37. Kc1 Rc2+ 38.
Kb1 a5 39. Ka1 a4 40. h4 gxh4 41. d5 cxd5 42. Kb1 h3 43. Ka1 h2 44. Kb1
h1=R# {White checkmated} 0-1

[Event "ICC Open 2015"]
[Site "Internet Chess Club"]
[Date "2015.05.30"]
[Round "7"]
[White "PADILLON2189"]
[Black "hejajw"]
[Result "1-0"]
[ICCResult "Black checkmated"]
[WhiteElo "2068"]
[BlackElo "2509"]
[Opening "Dutch with c4 & Nc3"]
[ECO "A85"]
[NIC "HD.05"]
[Time "20:04:09"]
[TimeControl "180+0"]

1. d4 f5 2. c4 Nf6 3. Nc3 e6 4. g3 Bb4 5. Bd2 O-O 6. Bg2 Nc6 7. Nf3 d6 8. d5
Ne5 9. Qb3 a5 10. Nd4 exd5 11. cxd5 Qe7 12. O-O Bd7 13. a3 Bxc3 14. Bxc3 b6
15. Rfe1 a4 16. Qc2 Rae8 17. Nxf5 Bxf5 18. Qxf5 Nfg4 19. Qe6+ Qxe6 20. dxe6
Rxf2 21. Bxe5 dxe5 22. h3 Rxg2+ 23. Kxg2 Ne3+ 24. Kf3 Nc2 25. Ke4 Rxe6 26.
Rec1 Nxa1 27. Rxa1 Rc6 28. Kxe5 Rc2 29. e4 Rxb2 30. Rc1 c5 31. Rc4 Rb3 32.
Rxa4 Rxg3 33. Kd6 Rd3+ 34. Ke6 h5 35. e5 b5 36. Ra5 c4 37. h4 Rd4 38. Rxb5
c3 39. Rc5 Rxh4 40. Rxc3 Rd4 41. Rc8+ Kh7 42. Ke7 h4 43. e6 h3 44. Rc3 Rh4
45. Rc1 h2 46. Rh1 g5 47. Kd6 Rd4+ 48. Ke5 Rd2 49. e7 Re2+ 50. Kf6 g4 51.
Rxh2+ Rxh2 52. e8=Q g3 53. Qg6+ Kh8 54. Qg7# {Black checkmated} 1-0

[Event "ICC Open 2015"]
[Site "Internet Chess Club"]
[Date "2015.05.30"]
[Round "7"]
[White "Tyrel"]
[Black "wagnerbi"]
[Result "0-1"]
[ICCResult "White resigns"]
[WhiteElo "2093"]
[BlackElo "1983"]
[Opening "Queen's pawn game"]
[ECO "A45"]
[NIC "QP.07"]
[Time "20:04:45"]
[TimeControl "180+0"]

1. d4 Nf6 2. e3 g6 3. Bd3 Bg7 4. f4 d6 5. Nf3 Bg4 6. O-O O-O 7. Nbd2 c5 8.
c3 Nc6 9. h3 Bf5 10. e4 Bd7 11. d5 Nb8 12. c4 a6 13. Qe2 b5 14. cxb5 axb5
15. Bxb5 Bxb5 16. Qxb5 Nbd7 17. Qd3 Qc7 18. Nc4 Rfb8 19. a3 Nb6 20. Nfd2
Nxc4 21. Nxc4 Nd7 22. Rb1 Nb6 23. Bd2 Nxc4 24. Qxc4 Bxb2 25. Rxb2 Rxb2 26.
Bc1 Qb6 27. Bxb2 Qxb2 28. Rf3 Rxa3 29. Rxa3 Qxa3 30. e5 Qe3+ 31. Kh1 Qd4 32.
Qxd4 cxd4 33. Kg1 dxe5 34. fxe5 f6 35. e6 Kf8 36. Kf2 Ke8 37. Kf3 Kd8 38.
Ke4 Kc7 39. Kxd4 Kd6 40. g3 f5 41. g4 fxg4 42. hxg4 h5 43. gxh5 gxh5 44. Ke4
h4 45. Kf4 h3 46. Kg3 Kxd5 47. Kxh3 Kxe6 48. Kg4 Ke5 49. Kf3 Kd4 50. Kf4 e5+
51. Kf3 Kd3 52. Kf2 e4 53. Kf1 Kd2 {White resigns} 0-1

[Event "ICC Open 2015"]
[Site "Internet Chess Club"]
[Date "2015.05.30"]
[Round "7"]
[White "Darnoc"]
[Black "chessdjw"]
[Result "1-0"]
[ICCResult "Black forfeits on time"]
[WhiteElo "2983"]
[BlackElo "2331"]
[Opening "Nimzo-Indian: classical, Noa variation, 5.cd ed"]
[ECO "E35"]
[NIC "NI.23"]
[Time "20:04:12"]
[TimeControl "180+0"]

1. d4 Nf6 2. c4 e6 3. Nc3 Bb4 4. Qc2 d5 5. cxd5 exd5 6. Bg5 h6 7. Bh4 g5 8.
Bg3 Nc6 9. e3 h5 10. h3 Qe7 11. Bb5 h4 12. Bh2 g4 13. hxg4 Nxg4 14. Bf4 Bd7
15. Ne2 O-O-O 16. O-O-O Rh5 17. Rhf1 Bxc3 18. Nxc3 a6 19. Be2 Bf5 20. Qa4
Rhh8 21. Bxa6 bxa6 22. Qxc6 Nf6 23. Qxa6+ Kd7 24. Qa4+ Ke6 25. Qc6+ Rd6 26.
Bxd6 cxd6 27. f3 Qa7 28. e4 Bg6 29. exd5+ Kf5 30. Qxd6 Kg5 31. Qe5+ Kh6 32.
Qxf6 Rc8 33. Rh1 Rxc3+ 34. bxc3 Qa3+ 35. Kd2 Qb2+ 36. Ke1 Qxc3+ 37. Kf2 Qc2+
38. Kg1 Qxd1+ 39. Kh2 Qd2 40. Qh8+ Kg5 41. Qe5+ f5 42. Qe7+ Kf4 43. Qxh4+
Ke3 44. Qe1+ Qxe1 45. Rxe1+ Kf2 46. d6 f4 47. d7 Bd3 48. d8=Q Be2 49. Rxe2+
Kf1 50. Qf8 Kxe2 51. Qxf4 Kf1 52. Kg3 Kg1 53. Kh4 Kh1 54. Kh5 Kg1 55. Kh6
{Black forfeits on time}
1-0

[Event "ICC Open 2015"]
[Site "Internet Chess Club"]
[Date "2015.05.30"]
[Round "7"]
[White "zelog"]
[Black "smoothg"]
[Result "1-0"]
[ICCResult "Black forfeits on time"]
[WhiteElo "2077"]
[BlackElo "1859"]
[Opening "English opening"]
[ECO "A10"]
[NIC "EO.64"]
[Time "20:04:25"]
[TimeControl "180+0"]

1. c4 g6 2. g3 Bg7 3. Bg2 d6 4. Nf3 c6 5. O-O Qc7 6. Nc3 Nd7 7. d3 Ngf6 8.
Rb1 O-O 9. b4 a5 10. b5 e5 11. a4 Nc5 12. Ba3 Nfd7 13. Nd2 f5 14. Nb3 Ne6
15. bxc6 bxc6 16. Nb5 cxb5 17. Bxa8 b4 18. Bb2 Ndc5 19. Bd5 Kh8 20. Nxc5
Nxc5 21. e3 Qd7 22. d4 Nxa4 23. dxe5 Nxb2 24. Rxb2 Bxe5 25. Ra2 Qc7 26. Qa4
Bc3 27. Qxa5 Qe7 28. Qa7 Qe5 29. Ra5 Qf6 30. Qc7 g5 31. Ra8 f4 32. exf4 gxf4
33. Rxc8 fxg3 34. Rxf8+ Qxf8 35. hxg3 Qf6 36. Qc8+ Kg7 37. Qg8+ Kh6 38. Be4
Qg7 39. Qxg7+ Kxg7 40. Bc2 Kf6 41. Rd1 Ke5 42. Kg2 h6 43. f4+ Ke6 44. Kf3
Kd7 45. Ke4 Kc6 46. Bb3 Kc5 47. Rh1 Bg7 48. Rh5+ Kc6 49. Ba4+ Kb6 50. Kd5
Bf8 51. Rf5 Be7 52. Rf7 {Black forfeits on time} 1-0

[Event "ICC Open 2015"]
[Site "Internet Chess Club"]
[Date "2015.05.30"]
[Round "7"]
[White "TheLoneKing1"]
[Black "QuieroAprender"]
[Result "1-0"]
[ICCResult "Black checkmated"]
[WhiteElo "1869"]
[BlackElo "1473"]
[Opening "Scotch: Romanishin variation"]
[ECO "C45"]
[NIC "SO.05"]
[Time "20:04:14"]
[TimeControl "180+0"]

1. e4 e5 2. Nf3 Nc6 3. d4 exd4 4. Nxd4 Bc5 5. Nb3 Bb4+ 6. Bd2 Qe7 7. Bd3
Bxd2+ 8. N1xd2 Ne5 9. O-O Nf6 10. f4 Nxd3 11. cxd3 O-O 12. Qf3 d6 13. h3 h6
14. Rac1 c6 15. f5 Nd7 16. Kh1 Ne5 17. Qe3 f6 18. d4 Nf7 19. Rf3 Re8 20. Rg3
Bxf5 21. Re1 Bh7 22. Qf4 Ng5 23. h4 Nxe4 24. Nxe4 Bxe4 25. Qxh6 Bxg2+ 26.
Kxg2 Qf7 27. Rf1 Re2+ 28. Kh1 Rae8 29. Qf4 Qd5+ 30. Kg1 Qh5 31. Qxf6 Rxb2
32. Qxg7# {Black checkmated} 1-0

[Event "ICC Open 2015"]
[Site "Internet Chess Club"]
[Date "2015.05.30"]
[Round "7"]
[White "Glamurius"]
[Black "PJJVenegas"]
[Result "1-0"]
[ICCResult "Black resigns"]
[WhiteElo "2949"]
[BlackElo "2290"]
[Opening "Nimzo-Indian: 4.e3 O-O, 5.Bd3"]
[ECO "E47"]
[NIC "NI.11"]
[Time "20:04:35"]
[TimeControl "180+0"]

1. d4 Nf6 2. c4 e6 3. Nc3 Bb4 4. e3 O-O 5. Bd3 Qe7 6. Ne2 b6 7. O-O Bb7 8.
Nb5 d5 9. a3 Bd6 10. Nxd6 cxd6 11. cxd5 Nxd5 12. e4 Nf6 13. f3 Nc6 14. Bg5
h6 15. Bh4 g5 16. Bf2 e5 17. d5 Nb8 18. g4 Nbd7 19. Ng3 Rfc8 20. Nf5 Qf8 21.
b4 Kh7 22. h3 Kg6 23. Qd2 Rd8 24. Kg2 Nh7 25. h4 Ndf6 26. Rh1 Ng8 27. hxg5
Nxg5 28. Be3 f6 29. Kg3 Rac8 30. Rad1 Rc7 31. Qh2 Kh7 32. Qh5 Qf7 33. Nxh6
Qxh5 34. Rxh5 Nxh6 35. Rdh1 Kg7 36. Rxh6 Rc3 37. Bxg5 fxg5 38. Rh7+ Kg8 39.
Rh8+ Kg7 40. R1h7+ Kg6 41. Rxd8 Kxh7 42. Rd7+ Kg6 43. Rxd6+ Kf7 44. Rd7+ Kf6
45. Rxb7 Rxd3 46. Rxa7 Rd1 47. Ra6 Ke7 48. Rxb6 Kd7 49. Ra6 Ra1 50. b5 Rg1+
51. Kf2 Rb1 52. a4 Rb2+ 53. Kg3 Rb3 54. b6 Rb4 55. a5 Kc8 56. Ra7 Kb8 57. d6
Rb5 58. d7 {Black resigns} 1-0

[Event "ICC Open 2015"]
[Site "Internet Chess Club"]
[Date "2015.05.30"]
[Round "7"]
[White "Ramanip15"]
[Black "Chaos23"]
[Result "1-0"]
[ICCResult "Black resigns"]
[WhiteElo "1931"]
[BlackElo "2016"]
[Opening "Ruy Lopez: Anderssen variation"]
[ECO "C77"]
[NIC "RL.12"]
[Time "20:04:58"]
[TimeControl "180+0"]

1. e4 e5 2. Nf3 Nc6 3. Bb5 a6 4. Ba4 Nf6 5. d3 b5 6. Bb3 Bc5 7. c3 O-O 8.
Bg5 h6 9. Bh4 Bb7 10. Nbd2 d6 11. h3 Na5 12. Bc2 d5 13. Qe2 dxe4 14. dxe4
Bb6 15. Nxe5 Re8 16. Ng4 Nc4 17. O-O-O Qe7 18. Bxf6 gxf6 19. Nxh6+ Kf8 20.
Nxc4 bxc4 21. Qg4 Qe5 22. Nf5 Qxf5 23. exf5 Re5 24. Qh4 Rae8 25. Qxf6 Bxf2
26. Qh8+ {Black resigns} 1-0